 Dungeon Crawl Stone Soup version 0.30-b1-2-g02819fbbbe (webtiles) character file.

Game seed: 9186359210878794490

75825 Arcadio the Stormcaller (level 15, -2/64 HPs)
             Began as a Tengu Air Elementalist on May 18, 2023.
             Was the Champion of Hepliaklqana.
             Slain by a redback (7 damage)
             ... on level 1 of the Spider Nest.
             The game lasted 02:14:14 (38570 turns).

Arcadio the Stormcaller (Tengu Air Elementalist)   Turns: 38570, Time: 02:14:15

Health: -2/64      AC:  3    Str:  9    XL:     15   Next: 51%
Magic:  10/43      EV: 18    Int: 30    God:    Hepliaklqana [******]
Gold:   102        SH:  0    Dex: 16    Spells: 12/42 levels left

rFire   . . .        b - +4 scimitar (flame)
rCold   . . .        (no shield)
rNeg    . . .        L - +2 ring mail {rPois}
rPois   +            (helmet restricted)
rElec   .            K - +1 cloak
rCorr   .            B - +0 pair of gloves
SInv    .            (boots unavailable)
Will    +....        f - amulet of Morality {Faith *Slow rPois Int+3 Slay+3}
Stlth   +            U - ring of magical power
HPRegen 0.30/turn    R - +6 ring of intelligence
MPRegen 0.28/turn

%: slow self (1%), faith
@: grasped by roots, corroded, flying quickly and evasively, constricted, quick
A: reduced essence, beak, talons 3, nimble flight
a: Renounce Religion, Recall Ancestor, Ancestor Identity, Transference, Idealise


You were on level 1 of the Spider Nest.
You worshipped Hepliaklqana.
Hepliaklqana was exalted by your worship.
You visited 5 branches of the dungeon, and saw 22 of its levels.
You also visited: Ice Cave.

You collected 3228 gold pieces.
You spent 3126 gold pieces at shops.

Inventory:

Hand Weapons
 b - a +4 scimitar of flaming (weapon)
 X - the +11 mace of Nionyq {drain, rC+}
   (You found it on level 5 of the Lair of Beasts)

   rC:        It protects you from cold.
Armour
 B - a +0 pair of gloves (worn)
 I - +0 steam dragon scales
 K - a +1 cloak (worn)
 L - a +2 ring mail of poison resistance (worn)
Magical Staves
 a - the staff of air "Osex" {rElec rF+ Str+2}
   (You acquired it on level 4 of the Lair of Beasts)

   [staff of air]

   Base accuracy: +5 Base damage: 5 Base attack delay: 1.2 This weapon's minimum
   attack delay (0.6) is reached at skill level 12.
   Str:       It affects your strength (+2).
   rF:        It protects you from fire.
   rElec:     It insulates you from electricity.
   It falls into the 'Staves' category.
   It is a one-handed weapon.
Jewellery
 f - the amulet of Morality (around neck) {Faith *Slow rPois Int+3 Slay+3}
   (You found it on level 1 of the Lair of Beasts)

   [amulet of faith]

   It allows you to gain divine favour quickly.
   Int:       It affects your intelligence (+3).
   Slay:      It affects your accuracy & damage with ranged weapons and melee
   (+3).
   rPois:     It protects you from poison.
   *Slow:     It may slow you when you take damage.
 o - a ring of see invisible
 v - a ring of ice
 E - a ring of protection from fire
 N - a ring of protection from fire
 O - a ring of willpower
 R - a +6 ring of intelligence (right hand)
 U - a ring of magical power (left hand)
Wands
 s - a wand of polymorph (7)
 D - a wand of roots (11)
 H - a wand of charming (10)
 J - a wand of light (5)
 W - a wand of flame (20)
Scrolls
 c - 2 scrolls of vulnerability
 i - 5 scrolls of enchant armour
 j - a scroll of fog
 k - 2 scrolls of enchant weapon
 l - 5 scrolls of amnesia
 m - 11 scrolls of teleportation
 p - 2 scrolls of brand weapon
 q - 2 scrolls of silence
 r - a scroll of identify
 t - 3 scrolls of fear
 u - a scroll of poison
 y - a scroll of magic mapping
 A - 3 scrolls of immolation
 C - 2 scrolls of butterflies
 G - 2 scrolls of blinking
 V - a scroll of torment
Potions
 d - 5 potions of curing
 e - a potion of heal wounds
 g - 5 potions of attraction
 h - 2 potions of cancellation
 n - 6 potions of lignification
 w - 10 potions of ambrosia
 x - 2 potions of berserk rage
 F - a potion of haste
 M - 3 potions of magic
 P - a potion of mutation
 Q - 2 potions of brilliance
 S - 4 potions of might
 T - a potion of resistance {unknown}
Miscellaneous
 z - a box of beasts
 Y - a phantom mirror (inert)
 Z - a lightning rod (4/4)


   Skills:
 + Level 6.2 Armour
 - Level 15.7 Dodging
 - Level 2.0 Stealth
 + Level 14.3 Spellcasting
 - Level 1.3 Conjurations
 - Level 2.4 Fire Magic
 + Level 19.9 Air Magic
 - Level 4.4 Invocations


You had 12 spell levels left.
You knew the following spells:

 Your Spells              Type           Power      Damage    Failure   Level
a - Shock                 Conj/Air       100%       1d9       1%          1
b - Static Discharge      Conj/Air       100%       2-7/arc   1%          2
c - Swiftness             Air            96%        N/A       0%          3
d - Airstrike             Air            48%        2d(7-23)  0%          4
e - Arcjolt               Conj/Air       35%        1d45      1%          5
f - Plasma Beam           Fire/Air       36%        2x1d54    9%          6
g - Vhi's Electric Charg  Tloc/Air       100%       N/A       1%          3
h - Conjure Ball Lightni  Conj/Air       35%        3x3d11    11%         6

Your spell library contained the following spells:

 Spells                   Type           Power      Damage    Failure   Level
 Mephitic Cloud           Conj/Pois/Air  59%        N/A       1%          3
 Magic Dart               Conj           100%       1d8       3%          1
 Kiss of Death            Conj/Necr      100%       2d13      4%          1
 Call Imp                 Summ           42%        N/A       9%          2
 Lesser Beckoning         Tloc           42%        N/A       9%          2
 Ignite Poison            Fire/Tmut/Pois 26%        N/A       12%         3
 Confusing Touch          Hex            21%        N/A       16%         3
 Gell's Gravitas          Tloc           21%        N/A       16%         3
 Ozocubu's Armour         Ice            21%        N/A       16%         3
 Teleport Other           Tloc           21%        N/A       16%         3
 Sticky Flame             Conj/Fire      33%        2d5       24%         4
 Dispel Undead            Necr           21%        3d11      47%         4
 Metabolic Englaciation   Hex/Ice        10%        N/A       83%         5
 Summon Forest            Summ/Tloc      10%        N/A       83%         5
 Eringya's Noxious Bog    Tmut/Pois      10%        N/A       100%        6
 Simulacrum               Ice/Necr       10%        N/A       100%        6
 Summon Hydra             Summ           10%        N/A       100%        7
 Discord                  Hex            10%        N/A       100%        8
 Disjunction              Tloc           10%        N/A       100%        8
 Ignition                 Fire           18%        3d7       100%        8


Dungeon Overview and Level Annotations

Branches:
Dungeon (13/15) Zot: 23307  Temple (1/1) D:4 Zot: 5977    Lair (5/5) D:8 Zot: 16754
 Shoals (0/4) Lair:3       Spider (1/4) Lair:2 Zot: 5340   Slime (0/5) Lair:4
    Orc (2/2) D:9 Zot: 8798     Elf (0/3) Orc:2         IceCv (visited)
 Vaults: D:13-14

Altars:
Cheibriados
Dithmenos
Fedhas
Gozag
Hepliaklqana
Kikubaaqudgha
Makhleb
Nemelex Xobeh
Qazlal
Sif Muna
Trog
Uskayaw
Vehumet
Wu Jian
Xom
Zin
Jiyva

Shops:
D:4 *   D:5 *?*   D:6 (:?[   D:12 ?   D:13 [   Orc:2 ?*??=

Annotations:
D:11 1 runed translucent door, Raspi's ghost, journeyman KoFi
D:13 1 exclusion, Erolcha
Lair:1 Urug
Spider:1 Jorgrun


Innate Abilities, Weirdness & Mutations

Your life essence is reduced to manifest your ancestor. (-10% HP)
You have a beak for a mouth.
You have claws for feet.
Your magical nature lets you fly swiftly and evasively.


Message History

The tarantella barely misses you.
The demonic crawler barely misses Aula.
The demonic crawler hits Aula.
Aula blocks the demonic crawler's attack.
The redback closely misses you. Jorgrun casts a spell next to you.
Some rock shatters into small pieces.
Aula hits the demonic crawler with a +0 broad axe of flaming!
Aula burns the demonic crawler!
Aula barely misses the entropy weaver.
Aula barely misses Jorgrun.
The tarantella touches you!
Casting: Airstrike (safe; 0% risk of failure)
Confirm with . or Enter, or press ? or * to list all spells.
Aiming: Airstrike (safe; 0% risk of failure)
Press: ? - help, Dir - move target, f/p - Jorgrun
Aim: Jorgrun, wielding a +0 heavy quarterstaff and wearing a +2 robe of cold resistance (severely wounded, empty space bonus: 3/8)
The air twists around and strikes Jorgrun.
Jorgrun is severely wounded.
You feel very sick. The redback bites you!
* * * LOW HITPOINT WARNING * * *
Aula blocks the demonic crawler's attack. x2
The demonic crawler hits Aula.
The tarantella misses you. Jorgrun gestures at you while chanting.
Roots burst forth from the earth!
The grasping roots grab you! The grasping roots constrict you!
* * * LOW HITPOINT WARNING * * *
The redback completely misses you.
The demonic crawler hits Aula but does no damage.
The demonic crawler hits Aula!
Aula blocks the demonic crawler's attack.
Okay, then.
Okay, then.
Unknown command.
You feel better. The tarantella touches you!
* * * LOW HITPOINT WARNING * * *
Aula hits the demonic crawler with a +0 broad axe of flaming.
Aula burns the demonic crawler.
Aula hits Jorgrun with a +0 broad axe of flaming.
Aula burns Jorgrun.
The redback bites you!
You die...

≈≈#≈# ## .
≈≈≈≈ .$ ..
≈≈≈#####. ...
≈#≈ ..#.# #...
##≈≈#..#.#
#..s#~≈#~#...#
#..RgB......#
#^.=s@.....#
###.s.....###
###
#...###...#
#^## ###.#
#..######..#
##.
#..#.#.#...###
#
#..#...#..###^
##...#.....##.
#...######^...
###.^..#.....#


You could see the friendly Aula the knight, Jorgrun, an entropy weaver, a
demonic crawler (ally target), a tarantella and a redback.

Vanquished Creatures
  An orc warlord (D:9)
  Nessos (Lair:4)
  Azrael (Orc:2)
  A fire dragon (Lair:5)
  3 hydras
  2 catoblepae (Lair:5)
  A boulder beetle (Lair:5)
  3 death yaks
  A two-headed ogre (D:10)
  Erica (D:8)
  4 orc high priests (Orc:2)
  Sonja (D:10)
  2 skysharks
  A skeletal warrior (D:12)
  A pharaoh ant (Spider:1)
  A swamp dragon (Lair:5)
  Pikel (D:8)
  A wizard (D:13)
  A lindwurm (Lair:5)
  3 orc knights
  2 orc sorcerers (Orc:1)
  A cyclops (D:12)
  4 manticores
  8 elephants
  A merfolk siren (Lair:3)
  2 black mambas (Lair:5)
  An ice statue (D:10)
  2 torpor snails
  9 cane toads
  A demonic crawler (Spider:1)
  An unseen horror (D:11)
  4 gargoyles
  Maggie (D:8)
  6 rime drakes
  3 komodo dragons
  A polar bear (Lair:3)
  A hornet (D:10)
  5 trolls
  A meliai (D:12)
  6 blink frogs
  2 tarantellas (Spider:1)
  Grinder (D:6)
  7 dream sheep (Lair:5)
  3 slime creatures (D:12)
  A jumping spider (Spider:1)
  A shadow (D:11)
  3 culicivoras (Spider:1)
  51 yaks
  2 wraiths
  A hog (Lair:5)
  A wyvern (Lair:5)
  2 basilisks
  2 fire bats (Lair:1)
  3 fire elementals
  2 steam dragons
  6 vampire mosquitoes
  6 redbacks (Spider:1)
  3 wargs
  3 acid dragons
  7 water moccasins
  A hell hound (Orc:2)
  3 black bears
  4 ogres
  An ice beast (D:7)
  28 orc warriors
  A wolf (Lair:4)
  5 centaurs
  8 bullfrogs
  3 gnoll sergeants
  4 scorpions
  11 wights
  A lindwurm simulacrum (IceCv)
  26 killer bees
  2 howler monkeys (D:9)
  2 komodo dragon simulacra (IceCv)
  2 jellies
  A gnoll bouda (D:5)
  3 hounds
  22 orc priests
  Crazy Yiuf (D:7)
  5 iguanas
  A sleepcap (D:5)
  5 hell rats (Lair:2)
  7 orc wizards
  A mummy (D:4)
  2 acid dragon simulacra (IceCv)
  15 gnolls
  7 adders
  A shadow imp (D:5)
  13 white imps
  A steam dragon simulacrum (IceCv)
  4 worms
  4 dart slugs
  45 orcs
  7 ball pythons
  7 endoplasms
  3 giant cockroaches
  5 goblins
  4 hobgoblins
  2 jackals (D:1)
  7 kobolds
  4 quokkas
  6 bats
  2 frilled lizards (D:1)
  2 hobgoblin zombies (D:4)
  2 kobold zombies (D:4)
  5 rats
494 creatures vanquished.

Vanquished Creatures (collateral kills)
  Kirke (Lair:5)
  2 hydras
  A vault guard (D:13)
  A catoblepas (Lair:3)
  A death yak (Lair:3)
  An orc high priest (Orc:2)
  2 skeletal warriors (D:12)
  An orc knight (Orc:2)
  A cyclops (Orc:1)
  An elephant (Lair:2)
  A black mamba (Lair:5)
  2 torpor snails
  A cane toad (Lair:3)
  3 komodo dragons
  2 rime drakes (Lair:5)
  2 meliai (D:12)
  A queen bee (Lair:2)
  2 polar bears
  A blink frog (Lair:4)
  A jumping spider (Spider:1)
  2 basilisks
  A fire elemental (Orc:1)
  A hog (Lair:5)
  19 yaks
  2 steam dragons
  A fire bat (Lair:1)
  A redback (Spider:1)
  A vampire mosquito (D:11)
  A hell hound (Orc:1)
  2 water moccasins
  8 orc warriors
  2 black bears (Lair:2)
  An ice beast (D:7)
  3 centaurs
  2 wolves (Lair:4)
  A lemure (D:8)
  A kobold brigand (D:9)
  5 bullfrogs
  A scorpion (D:6)
  3 wights
  A jelly (D:6)
  5 killer bees
  3 howler monkeys
  A hound (D:5)
  An orc priest (D:10)
  2 iguanas
  2 orc wizards
  A hell rat (Lair:2)
  4 gnolls
  9 orcs
  A quokka (D:5)
116 creatures vanquished.

Vanquished Creatures (others)
  An orc knight (Orc:2)
  15 knights
  2 ancestors (D:6)
  An orc (Orc:2)
  A quokka (D:13)
  51 fungi
  65 plants
136 creatures vanquished.

Grand Total: 746 creatures vanquished

Notes
Turn   | Place    | Note
-------+----------+-------------------------------------------
     0 | D:1      | Arcadio the Tengu Air Elementalist began the quest for the
                  | Orb.
     0 | D:1      | Reached XP level 1. HP: 10/10 MP: 4/4
   137 | D:1      | Reached XP level 2. HP: 15/15 MP: 1/6
   668 | D:1      | Reached XP level 3. HP: 19/19 MP: 3/7
  1778 | D:2      | Learned a level 2 spell: Static Discharge
  1782 | D:2      | Learned a level 3 spell: Swiftness
  1860 | D:2      | Reached XP level 4. HP: 20/24 MP: 0/9
  2232 | D:2      | Identified the +2 leather armour "Arutey" {rElec Will+
                  | Str+3}
  2378 | D:3      | Reached skill level 5 in Air Magic
  3449 | D:4      | Noticed an ogre
  3512 | D:4      | Found a staircase to the Ecumenical Temple.
  3515 | D:4      | Noticed a scorpion
  3532 | D:4      | Killed a scorpion
  3533 | D:4      | Gained mutation: Your magical nature lets you fly swiftly
                  | and evasively. [Tengu growth]
  3533 | D:4      | Reached XP level 5. HP: 18/28 MP: 10/10
  3590 | Temple   | Entered the Ecumenical Temple
  3605 | Temple   | Became a worshipper of Hepliaklqana the Forgotten
  3705 | D:4      | Found Retsiceng's Mass Market.
  3717 | D:4      | Learned a level 4 spell: Airstrike
  3883 | D:4      | Reached XP level 6. HP: 8/32 MP: 12/12
  4020 | D:4      | Reached skill level 6 in Air Magic
  4425 | D:4      | You are sucked into a shaft and drop 1 floor!
  4425 | D:5      | Entered Level 5 of the Dungeon
  4432 | D:5      | Reached * piety under Hepliaklqana
  4603 | D:5      | Found Rumuss's General Store.
  4603 | D:5      | Found Kohytucu's Magic Scroll Boutique.
  4603 | D:5      | Found Urrugom's General Store.
  4605 | D:5      | Bought a scroll of identify for 20 gold pieces
  4605 | D:5      | Bought a +0 pair of gloves for 45 gold pieces
  4723 | D:5      | Reached skill level 5 in Dodging
  4723 | D:5      | Reached XP level 7. HP: 9/32 MP: 8/14
  5001 | D:5      | Bought a scroll of teleportation for 39 gold pieces
  5001 | D:5      | Bought a scroll of identify for 26 gold pieces
  5001 | D:5      | Bought a scroll of teleportation for 39 gold pieces
  5001 | D:5      | Bought a scroll of identify for 26 gold pieces
  5119 | D:5      | Reached skill level 7 in Air Magic
  5965 | D:6      | Found Ygunun's Armour Shoppe.
  6017 | D:6      | Found Tulibrab's Magic Scroll Boutique.
  6020 | D:6      | Bought a scroll of identify for 20 gold pieces
  6134 | D:6      | Noticed Grinder
  6166 | D:5      | Reached XP level 8. HP: 32/36 MP: 16/16
  6227 | D:5      | Reached skill level 5 in Spellcasting
  6433 | D:6      | Killed Grinder
  6434 | D:6      | Reached skill level 8 in Air Magic
  6968 | D:6      | Found Jedaepp's Weapon Shop.
  7013 | D:6      | Found Ruikigou's Book Emporium.
  7072 | D:6      | Found an opulent altar of Gozag.
  7072 | D:6      | Found a hide-covered altar of Uskayaw.
  7109 | D:6      | Reached skill level 9 in Air Magic
  7212 | D:6      | Reached XP level 9. HP: 36/40 MP: 17/19
  7439 | D:6      | Reached ** piety under Hepliaklqana
  7440 | D:6      | Remembered your ancestor Aula as a knight
  8180 | D:7      | Reached skill level 10 in Air Magic
  8665 | D:7      | Found a runed translucent door.
  8666 | D:7      | Noticed Crazy Yiuf
  8676 | D:7      | Killed Crazy Yiuf
  8818 | D:8      | Noticed Pikel
  8980 | D:8      | Found a staircase to the Lair.
  9026 | D:8      | Noticed Maggie
  9033 | D:8      | Killed Maggie
  9185 | D:8      | Noticed Erica
  9190 | D:8      | Killed Erica
  9191 | D:8      | Reached skill level 11 in Air Magic
  9191 | D:8      | Reached XP level 10. HP: 39/45 MP: 15/22
  9221 | D:8      | Killed Pikel
  9615 | D:8      | Reached *** piety under Hepliaklqana
 10087 | Lair:1   | Entered Level 1 of the Lair of Beasts
 10235 | Lair:1   | Reached skill level 12 in Air Magic
 10242 | Lair:1   | Reached skill level 10 in Dodging
 10656 | Lair:1   | Noticed a cane toad
 10660 | Lair:1   | Killed a cane toad
 10718 | Lair:1   | Noticed Urug
 11079 | Lair:1   | Noticed a cane toad
 11090 | Lair:1   | Reached XP level 11. HP: 48/48 MP: 25/25
 11099 | Lair:1   | Reached skill level 13 in Air Magic
 11186 | Lair:1   | Identified the amulet of Morality {Faith *Slow rPois Int+3
                  | Slay+3}
 11358 | Lair:2   | Learned a level 5 spell: Arcjolt
 11365 | Lair:2   | Learned a level 6 spell: Plasma Beam
 11369 | Lair:2   | Learned a level 3 spell: Vhi's Electric Charge
 11793 | Lair:2   | Noticed an eight-headed hydra
 11805 | Lair:2   | Killed an eight-headed hydra
 12073 | Lair:2   | Reached **** piety under Hepliaklqana
 12416 | Lair:2   | Noticed a five-headed hydra
 12503 | Lair:2   | Killed a five-headed hydra
 12504 | Lair:2   | Reached skill level 14 in Air Magic
 12611 | Lair:2   | Reached skill level 10 in Spellcasting
 12976 | Lair:2   | Reached XP level 12. HP: 30/53 MP: 16/27
 13769 | Lair:2   | Reached skill level 15 in Air Magic
 13882 | Lair:2   | Found a hole to the Spider Nest.
 14639 | Lair:3   | Noticed a catoblepas
 15083 | Lair:3   | Found a staircase to the Shoals.
 15823 | Lair:3   | Noticed a death yak
 15826 | Lair:3   | Noticed a death yak
 15826 | Lair:3   | Noticed a death yak
 15834 | Lair:3   | Killed a death yak
 15975 | Lair:2   | Killed a death yak
 15976 | Lair:2   | Reached skill level 16 in Air Magic
 15992 | Lair:2   | Killed a death yak
 16530 | Lair:3   | Killed a catoblepas
 16825 | Lair:4   | Reached XP level 13. HP: 51/56 MP: 29/29
 17070 | Lair:4   | Reached ***** piety under Hepliaklqana
 17336 | Lair:4   | Found a viscous altar of Jiyva.
 17336 | Lair:4   | Found a staircase to the Slime Pits.
 17777 | Lair:4   | Noticed Nessos
 17784 | Lair:4   | Killed Nessos
 18046 | Lair:4   | Identified a scroll of acquirement
 18099 | Lair:5   | Entered Level 5 of the Lair of Beasts
 18115 | Lair:5   | Reached skill level 17 in Air Magic
 20005 | Lair:5   | Acquired the staff of air "Osex" {rElec rF+ Str+2}
 20836 | Lair:5   | Reached skill level 15 in Dodging
 21277 | Lair:5   | Reached skill level 18 in Air Magic
 21277 | Lair:5   | Reached XP level 14. HP: 61/61 MP: 24/31
 22420 | Lair:5   | Noticed Kirke
 22432 | Lair:5   | Noticed a sphinx
 22820 | Lair:5   | Killed Kirke
 23378 | Lair:5   | Identified the +11 mace of Nionyq {drain, rC+}
 23830 | D:5      | Bought a scroll of blinking for 97 gold pieces
 23830 | D:5      | Bought a scroll of acquirement for 676 gold pieces
 23839 | D:5      | Acquired 870 gold pieces
 24043 | D:5      | Bought a potion of curing for 30 gold pieces
 24043 | D:5      | Bought a ring of magical power for 200 gold pieces
 24716 | D:9      | Found a staircase to the Orcish Mines.
 25291 | D:6      | Bought a book of Chaos for 650 gold pieces
 25298 | D:6      | Learned a level 6 spell: Conjure Ball Lightning
 25397 | Orc:1    | Entered Level 1 of the Orcish Mines
 25465 | Orc:1    | Noticed an orc warlord
 25846 | D:10     | Entered Level 10 of the Dungeon
 25908 | D:10     | Found a blossoming altar of Fedhas.
 26169 | D:10     | Reached skill level 1 in Fire Magic
 26170 | D:10     | Reached skill level 1 in Armour
 26436 | D:10     | Noticed Sonja
 26441 | D:10     | Killed Sonja
 26998 | D:11     | Noticed Raspi's ghost (journeyman KoFi)
 27561 | D:11     | Reached ****** piety under Hepliaklqana
 27572 | D:11     | Found a runed translucent door.
 28295 | D:12     | Found a frozen archway.
 28457 | IceCv    | Entered an ice cave
 28522 | IceCv    | Reached skill level 19 in Air Magic
 29193 | D:12     | Reached skill level 1 in Invocations
 29980 | D:12     | Found Duucidwi's Magic Scroll Boutique.
 29988 | D:12     | Bought a scroll of fear for 64 gold pieces
 29988 | D:12     | Bought a scroll of butterflies for 64 gold pieces
 29988 | D:12     | Bought a scroll of poison for 64 gold pieces
 29988 | D:12     | Bought a scroll of identify for 32 gold pieces
 29988 | D:12     | Bought a scroll of enchant armour for 120 gold pieces
 30894 | D:13     | Found Hetzyapp's Antique Armour Shop.
 31374 | D:13     | Noticed Erolcha
 31395 | D:13     | Reached XP level 15. HP: 55/64 MP: 18/33
 32388 | D:9      | HP: 3/64 [orc warlord/+2 great sword of flaming (3)]
 32551 | D:9      | Killed an orc warlord
 34519 | Orc:2    | Entered Level 2 of the Orcish Mines
 34530 | Orc:2    | Noticed Azrael
 35572 | Orc:2    | Killed Azrael
 35573 | Orc:2    | Reached skill level 5 in Armour
 36013 | Orc:2    | Found a staircase to the Elven Halls.
 36022 | Orc:2    | Found Yseschan's Magic Scroll Emporium.
 36036 | Orc:2    | Bought a scroll of blinking for 105 gold pieces
 36036 | Orc:2    | Bought a scroll of identify for 28 gold pieces
 36036 | Orc:2    | Bought a scroll of butterflies for 56 gold pieces
 36036 | Orc:2    | Bought a scroll of identify for 28 gold pieces
 36036 | Orc:2    | Bought a scroll of enchant armour for 105 gold pieces
 37652 | Orc:2    | Found Emutyteo's Jewellery Shoppe.
 37655 | Orc:2    | Found Gagenois's Magic Scroll Shoppe.
 37656 | Orc:2    | Found Suepa's General Store.
 37657 | Orc:2    | Found Iplax's Magic Scroll Emporium.
 37665 | Orc:2    | Bought a +6 ring of intelligence for 540 gold pieces
 37670 | Orc:2    | Bought a scroll of amnesia for 52 gold pieces
 37881 | Spider:1 | Entered Level 1 of the Spider Nest
 38560 | Spider:1 | Noticed Jorgrun
 38570 | Spider:1 | Slain by a redback

Illustrated notes

Levels and vault maps discovered:
D:1:      elethiomel_arrival_shortcut, layout_loops_corners, minmay_misc_feat_x
D:2:      layout_rooms, serial_forest, infiniplex_forest_pool,
          infiniplex_forest_lined_3, infiniplex_forest_straight_1,
          infiniplex_forest_lined_3, infiniplex_forest_end_1
D:3:      layout_basic
D:4:      layout_loops_ring, minmay_temple_entry_large_hall,
          columned_hall_lemuel, minmay_shop_mass, minmay_mini_ossuary
D:5:      layout_cave_pools, nicolae_shop_distant_corner_stores,
          serial_bayou_pond_a
D:6:      layout_loops_corners, gammafunk_temple_overflow_wave, serial_shops,
          shop, shop, nicolae_shop_hallway_stairs, nicolae_inconvenience_store,
          uniq_grinder
D:7:      layout_loops_ring, uniq_crazy_yiuf_cottage
D:8:      layout_basic, dpeg_oklobed_lair, uniq_maggie, uniq_erica, uniq_pikel
D:9:      layout_basic
D:10:     lemuel_ice_statue, layout_gridville, fedhas_altar_3, uniq_sonja
D:11:     layout_basic, hellmonk_ghost_happy_afterlife
D:12:     layout_loops_corners, portal_ice_cave_entry_imps,
          nicolae_stop_n_shop_1
D:13:     layout_rooms, grunt_vaults_entry_fortified, serial_shops, shop,
          elyvilon_altar_4, uniq_erolcha
Temple:   compressed_dpeg_triangle_lava_temple
Lair:1:   layout_concentric_octagons, nicolae_volcano_entry_batcave,
          chequers_serial_rivers_large_b, serial_bayou_pond_d, st_stairs_6,
          uniq_urug
Lair:2:   layout_layer_cave, dummy_spider_entry, special_room
          [special_room_bee], beast_lair_carwin_5, serial_bayou_shore_a
Lair:3:   layout_cave_pods, minmay_shoals_entry_lonely_mermaid, serial_rivers,
          chequers_serial_rivers_large_a, chequers_serial_rivers_micro_c,
          chequers_serial_rivers_micro_c, chequers_serial_rivers_room_b,
          chequers_serial_rivers_room_b, chequers_serial_rivers_marsh
Lair:4:   layout_misc_corridors, slime_entry_1, hibernation_bobbens,
          grunt_megastairs_2, uniq_nessos
Lair:5:   hangedman_lair_in_review, layout_regular_city,
          guppyfry_lair_end_dragon, uniq_kirke
Spider:1: layout_spider_delve, uniq_jorgrun
Orc:1:    layout_diamond_mine, serial_shops, shop
Orc:2:    st_orc_pillars, layout_caves, serial_shops, shop, uniq_azrael

Skill      XL: |  1  2  3  4  5  6  7  8  9 10 11 12 13 14 15 |
---------------+----------------------------------------------+-----
Dodging        | 3 4 5 7 9 10 12 13 15 | 15.7
Air Magic      | 5 6 7 9 11 12 14 16 18 19 | 19.9
Spellcasting   | 3 4 6 7 9 10 11 12 13 14 | 14.3
Fire Magic     | 2 |  2.4
Armour         | 4 6 |  6.2
Invocations    | 2 4 |  4.4
Stealth        | |  2.0
Conjurations   | |  1.3

Action                     |  1- 3 |  4- 6 |  7- 9 | 10-12 | 13-15 || total
---------------------------+-------+-------+-------+-------+-------++-------
  Melee: Short sword       |     4 |       |     2 |       |       ||     6
         Kick              |       |       |     1 |    38 |    40 ||    79
         Peck              |       |       |     1 |    28 |    20 ||    49
         Scimitar          |       |       |       |   131 |    90 ||   221
         Punch             |       |       |       |     2 |     3 ||     5
         Staff             |       |       |       |       |     5 ||     5
   Cast: Shock             |    84 |    89 |   196 |   185 |    81 ||   635
         Static Discharge  |       |    12 |    52 |    18 |    17 ||    99
         Airstrike         |       |     2 |    11 |    91 |   537 ||   641
         Arcjolt           |       |       |       |     8 |    50 ||    58
         Plasma Beam       |       |       |       |       |     1 ||     1
         Swiftness         |       |       |       |       |     4 ||     4
 Invoke: Recall Ancestor   |       |       |     3 |     9 |    22 ||    34
         Ancestor Life: Kn |       |       |     1 |       |       ||     1
         Transference      |       |       |       |       |     2 ||     2
  Evoke: Wand              |       |     1 |       |       |     3 ||     4
         Lightning rod     |       |       |       |       |     2 ||     2
         Phantom mirror    |       |       |       |       |     1 ||     1
    Use: Scroll            |     1 |     4 |     4 |     8 |    19 ||    36
         Potion            |       |       |     1 |     1 |     6 ||     8
   Stab: Sleeping          |       |       |     1 |     2 |       ||     3
         Distracted        |       |       |       |     6 |       ||     6
 Armour: Robe              |       |     4 |     3 |       |       ||     7
         Steam dragon scal |       |       |     2 |    42 |    23 ||    67
         Ring mail         |       |       |       |       |    34 ||    34
  Dodge: Dodged            |    11 |    16 |    71 |   384 |   369 ||   851
